 Dungeon Crawl Stone Soup version 0.26-a0-278-g3b0d5afba5 (webtiles) character file.

Game seed: 17173095443815142239

1822 Niddhogr the Tainter (level 9, -3/57 HPs)
             Began as a Formicid Venom Mage on July 12, 2020.
             Slain by an ice beast (8 damage)
             ... on level 7 of the Dungeon.
             The game lasted 00:24:27 (8425 turns).

Niddhogr the Tainter (Formicid Venom Mage)          Turns: 8425, Time: 00:24:28

Health: -3/57      AC:  4    Str: 12    XL:     9   Next: 32%
Magic:  17/17      EV: 12    Int: 19    God:
Gold:   366        SH:  0    Dex: 11    Spells: 1/18 levels left

rFire    . . .     SeeInvis +   q - +3 halberd (freeze)
rCold    . . .     Faith    .   (no shield)
rNeg     . . .     Spirit   .   a - +0 robe
rPois    +         Reflect  .   (helmet unavailable)
rElec    .         Harm     .   t - +1 cloak {rPois} {rPois}
rCorr    .                      (no gloves)
MR       .....                  (no boots)
Stlth    ++........             (no amulet)
HPRegen  0.19/turn              (no ring)
MPRegen  0.15/turn              (no ring)

@: flying, lightly drained
A: permanent stasis, dig shafts and tunnels, four strong arms, antennae 3
a: Dig, Shaft Self


You were on level 7 of the Dungeon.
You visited 2 branches of the dungeon, and saw 8 of its levels.

You collected 366 gold pieces.

Inventory:

Hand Weapons
 g - a +1 vorpal spear
 i - a +2 quarterstaff of chaos
 q - a +3 halberd of freezing (weapon)
Missiles
 l - 4 throwing nets {=f}
 s - 152 arrows
Armour
 a - a +0 robe (worn)
 t - a +1 cloak of poison resistance (worn) {rPois}
Wands
 d - a wand of paralysis (7)
Scrolls
 b - a scroll of enchant armour {unknown}
 h - 8 scrolls of remove curse
 j - 2 scrolls of magic mapping {unknown}
 k - 7 scrolls of random uselessness {unknown}
 o - a scroll of enchant weapon {unknown}
 p - a scroll of blinking {unknown}
 r - a scroll of fog {unknown}
Potions
 c - a potion of flight
 e - 3 potions of lignification {!q}
 f - 3 potions of might
 m - 2 potions of curing {unknown}
 n - a potion of heal wounds {unknown}
 u - a potion of invisibility {unknown}
 v - a potion of degeneration {unknown}


   Skills:
 + Level 5.9(5.8) Polearms
 - Level 1.7 Dodging
 - Level 2.4 Stealth
 - Level 5.3 Spellcasting
 - Level 3.0 Conjurations
 - Level 4.1(4.0) Necromancy
 - Level 1.1(1.0) Transmutations
 - Level 2.0(1.9) Air Magic
 * Level 8.3(8.2) Poison Magic


You had one spell level left.
You knew the following spells:

 Your Spells              Type           Power        Failure   Level
a - Sting                 Tmut/Pois      ###.         1%          1
b - Poisonous Vapours     Pois/Air       ###...       2%          2
c - Ignite Poison         Fire/Tmut/Pois ###.....     10%         3
d - Olgreb's Toxic Radia  Pois           #####...     4%          4
e - Vampiric Draining     Necr           ###.......   7%          3
x - Mephitic Cloud        Conj/Pois/Air  ###.....     6%          3
A - Animate Skeleton      Necr           ###...       2%          1

Your spell library contained the following spells:

 Spells                   Type           Power        Failure   Level
 Pain                     Necr           ###.         2%          1
 Animate Dead             Necr           ###.......   22%         4
 Agony                    Necr           ###.....     54%         5


Dungeon Overview and Level Annotations

Branches:
Dungeon (7/15)             Temple (1/1) D:5

Altars:
Ashenzari
Cheibriados
Dithmenos
Elyvilon
Fedhas
Hepliaklqana
Kikubaaqudgha
Makhleb
Nemelex Xobeh
Qazlal
Ru
Trog
Uskayaw
Vehumet
Xom
Yredelemnul
Zin
The Shining One


Innate Abilities, Weirdness & Mutations

You cannot be hasted, slowed, berserked, paralysed or teleported.
You can dig through walls and to a lower floor.
Your four strong arms can wield two-handed weapons with a shield.
You have a pair of large antennae on your head. (SInv)


Message History

You barely miss the ice beast. The ice beast closely misses you.
You hit the ice beast. The ice beast hits you. The ice beast freezes you!
* * * LOW HITPOINT WARNING * * *
You take 12 damage, and have 22/57 hp.
MASSIVE DAMAGE!!
Unknown command.
You barely miss the ice beast. The ice beast hits you.
* * * LOW HITPOINT WARNING * * *
The ice beast freezes you!
* * * LOW HITPOINT WARNING * * *
You take 14 damage, and have 8/57 hp.
MASSIVE DAMAGE!!
Unknown command.
Okay, then.
It was a potion of flight.
You feel very buoyant.
You fly up into the air.
The ice beast hits you.
* * * LOW HITPOINT WARNING * * *
The ice beast freezes you!
You die... #### #Y@# #.## #. #. .# . .. ..

You could see an ice beast.

Levels and vault maps discovered:
D:1:      heliophobic_arrival_dark_side_of_the_moon, layout_basic,
          serial_bayou_pond_e, grunt_decor_fettered
D:2:      layout_rooms, nicolae_overflow_hidden_temple,
          overflow_temple_1_default, marbit_many_paths, uniq_sigmund,
          uniq_terence
D:3:      wander_river, layout_rooms, minmay_vboxes
D:4:      layout_basic, riverfiend_overflow_shadow_ancestor
D:5:      layout_cave_pools, old_standard_altar, minmay_temple_entry_fiery,
          uniq_crazy_yiuf_cottage
D:6:      layout_basic, serial_rivers, chequers_serial_rivers_small_b,
          chequers_serial_rivers_small_3, chequers_serial_rivers_micro_a,
          chequers_serial_rivers_room_a, chequers_serial_rivers_micro_e
D:7:      layout_basic, minmay_statues_item, uniq_duvessa
Temple:   nicolae_temple_figure_zero

Notes
Turn   | Place    | Note
-------+----------+-------------------------------------------
     0 | D:1      | Niddhogr the Formicid Venom Mage began the quest for the
                  | Orb.
     0 | D:1      | Reached XP level 1. HP: 13/13 MP: 3/3
    40 | D:1      | Identified a +0 short sword (You found it on level 1 of the
                  | Dungeon)
   115 | D:1      | Reached XP level 2. HP: 19/19 MP: 5/5
   119 | D:1      | Learned a level 2 spell: Poisonous Vapours
   330 | D:1      | Identified a +0 cloak (You found it on level 1 of the
                  | Dungeon)
   360 | D:1      | Reached skill level 5 in Poison Magic
   498 | D:1      | Reached XP level 3. HP: 24/24 MP: 3/6
   840 | D:2      | Learned a level 3 spell: Mephitic Cloud
  1135 | D:2      | Reached skill level 1 in Air Magic
  1164 | D:2      | Found an ancient bone altar of Kikubaaqudgha.
  1172 | D:2      | Identified a +0 club
  1256 | D:2      | Reached XP level 4. HP: 30/30 MP: 4/7
  1263 | D:2      | Identified a cursed -3 trident
  1263 | D:2      | Identified a +0 scale mail
  1263 | D:2      | Noticed Terence
  1660 | D:2      | Reached skill level 2 in Air Magic
  1782 | D:2      | Identified a +0 scythe
  1782 | D:2      | Identified a +0 robe
  1782 | D:2      | Noticed Sigmund
  1956 | D:2      | Reached skill level 1 in Conjurations
  1988 | D:2      | Found a stormy altar of Qazlal.
  1988 | D:2      | Found a bloodstained altar of Trog.
  1993 | D:2      | Identified a +0 dagger
  2062 | D:2      | Found a sacrificial altar of Ru.
  2146 | D:2      | Killed Terence
  2146 | D:2      | Reached XP level 5. HP: 35/35 MP: 2/8
  2237 | D:3      | Reached skill level 2 in Conjurations
  2604 | D:3      | Identified a cursed -3 spear
  2616 | D:3      | Identified a +0 club
  2617 | D:3      | Reached skill level 1 in Polearms
  2617 | D:3      | Reached skill level 6 in Poison Magic
  3029 | D:3      | Reached XP level 6. HP: 29/41 MP: 9/9
  3404 | D:2      | Found a hide-covered altar of Uskayaw.
  3404 | D:2      | Found a snail-covered altar of Cheibriados.
  3431 | D:2      | Killed Sigmund
  3431 | D:2      | Reached skill level 2 in Polearms
  3431 | D:2      | Reached skill level 3 in Spellcasting
  3472 | D:4      | Learned a level 3 spell: Ignite Poison
  3635 | D:4      | Reached skill level 4 in Spellcasting
  3635 | D:4      | Reached XP level 7. HP: 35/46 MP: 9/13
  3813 | D:4      | HP: 11/46 [poisoned by an adder]
  3819 | D:4      | HP: 10/46 [poisoned by an adder]
  3827 | D:4      | HP: 9/46 [poisoned by an adder]
  4288 | D:4      | Identified a cursed +0 giant spiked club
  4448 | D:4      | Reached skill level 3 in Polearms
  4596 | D:4      | Reached skill level 3 in Conjurations
  4747 | D:4      | Found a hazy altar of Hepliaklqana.
  4748 | D:4      | Found a shadowy altar of Dithmenos.
  4748 | D:4      | Noticed a shadow
  4929 | D:5      | Entered Level 5 of the Dungeon
  4929 | D:5      | Identified a +0 dagger
  4929 | D:5      | Identified a +0 robe
  4929 | D:5      | Identified a +0 club
  4929 | D:5      | Identified a +0 leather armour
  4929 | D:5      | Identified a +0 leather armour
  4929 | D:5      | Identified a +0 hand axe
  4930 | D:5      | Identified a +0 chain mail
  4937 | D:4      | Learned a level 4 spell: Olgreb's Toxic Radiance
  4938 | D:5      | Identified a +0 short sword
  5062 | D:5      | Reached skill level 7 in Poison Magic
  5062 | D:5      | Reached XP level 8. HP: 26/52 MP: 6/14
  5221 | D:5      | Learned a level 1 spell: Animate Skeleton
  5224 | D:5      | Found a basalt altar of Yredelemnul.
  5225 | D:5      | Identified a cursed -2 giant club
  5277 | D:5      | Reached skill level 4 in Polearms
  5391 | D:5      | Identified a +0 dagger
  5391 | D:5      | Identified a cursed +0 scale mail
  5391 | D:5      | Identified a +0 club
  5393 | D:5      | Identified a +0 leather armour
  5406 | D:5      | Identified 5 scrolls of remove curse
  5407 | D:5      | Identified 3 scrolls of identify
  5407 | D:5      | Identified 3 potions of lignification
  5408 | D:5      | Identified a potion of might
  5409 | D:5      | Identified a potion of berserk rage
  5598 | D:5      | Identified a +0 flail
  5598 | D:5      | Identified a +0 leather armour
  5669 | D:5      | Reached skill level 5 in Spellcasting
  5936 | D:5      | Found a staircase to the Ecumenical Temple.
  5942 | Temple   | Entered the Ecumenical Temple
  6178 | D:5      | Found a runed translucent door.
  6179 | D:5      | Identified a +2 quarterstaff of chaos
  6179 | D:5      | Identified a +1 cloak of poison resistance
  6179 | D:5      | Noticed Crazy Yiuf
  6250 | D:5      | Killed Crazy Yiuf
  6450 | D:6      | Learned a level 3 spell: Vampiric Draining
  6597 | D:6      | Reached skill level 1 in Necromancy
  6832 | D:6      | Identified a +3 flail
  6832 | D:6      | Identified a +0 robe
  6832 | D:6      | Identified a +3 halberd of freezing
  6832 | D:6      | Identified a +0 robe
  6875 | D:6      | Identified a +3 short sword of freezing
  6875 | D:6      | Identified a +0 robe
  6875 | D:6      | Identified a +1 vorpal spear
  6875 | D:6      | Identified a +0 robe
  6921 | D:6      | Reached skill level 2 in Necromancy
  6982 | D:6      | Identified a cursed -3 battleaxe
  6982 | D:6      | Identified a +0 robe
  6982 | D:6      | Identified a +4 battleaxe
  6982 | D:6      | Identified a +0 robe
  6982 | D:6      | Identified a +3 war axe
  6982 | D:6      | Identified a +0 robe
  7249 | D:6      | Identified a +0 battleaxe
  7249 | D:6      | Identified a +0 plate armour
  7249 | D:6      | Identified a +0 dagger
  7249 | D:6      | Identified a +0 robe
  7249 | D:6      | Identified a +0 dagger
  7249 | D:6      | Identified a +0 robe
  7250 | D:6      | Identified a +0 dagger
  7250 | D:6      | Identified a +0 robe
  7254 | D:6      | Reached skill level 5 in Polearms
  7256 | D:6      | Reached skill level 3 in Necromancy
  7256 | D:6      | Reached XP level 9. HP: 42/57 MP: 1/17
  7507 | D:6      | Identified a +0 falchion
  7507 | D:6      | Identified a +0 robe
  7525 | D:6      | Reached skill level 4 in Necromancy
  8114 | D:6      | Identified a +0 giant club
  8120 | D:6      | Reached skill level 8 in Poison Magic
  8424 | D:7      | HP: 8/57 [ice beast (11)]
  8425 | D:7      | Identified 2 potions of flight
  8425 | D:7      | Slain by an ice beast

Table legend:
 A = Turns spent in this place as a percentage of turns spent in the entire game.
 B = Non-inter-level travel turns spent in this place as a percentage of non-inter-level travel turns spent in the entire game.
 C = Inter-level travel turns spent in this place as a percentage of turns spent in this place.
 D = Turns resting spent in this place as a percentage of non-inter-level travel turns spent in this place.
 E = Turns spent auto-exploring this place as a percentage of non-inter-level travel turns spent in this place.
 F = Non-inter-level travel turns spent in this place divided by the number of levels of this place that you've seen.
                   A       B       C       D       E      F
               +-------+-------+-------+-------+-------+----------------------
         Total | 100.0 | 100.0 |   2.3 |   3.8 |  82.7 | 1028.6
       Dungeon |  98.6 |  98.6 |   2.4 |   3.8 |  82.6 | 1158.7
        Temple |   1.4 |   1.4 |   0.0 |   0.0 |  90.7 | 118.0
               +-------+-------+-------+-------+-------+----------------------

Table legend:
 A = Kills in this place as a percentage of kills in entire the game.
 B = Kills by you in this place as a percentage of kills by you in the entire game.
 C = Kills by friends in this place as a percentage of kills by friends in the entire game.
 D = Other kills in this place as a percentage of other kills in the entire game.
 E = Experience gained in this place as a percentage of experience gained in the entire game.
 F = Experience gained in this place divided by the number of levels of this place that you have seen.
                   A       B       C       D       E      F
               +-------+-------+-------+-------+-------+----------------------
         Total | 100.0 | 100.0 |   N/A |   N/A | 100.0 | 325.5
       Dungeon | 100.0 | 100.0 |   N/A |   N/A | 100.0 | 372.0
               +-------+-------+-------+-------+-------+----------------------

Skill      XL: |  1  2  3  4  5  6  7  8  9 |
---------------+----------------------------+-----
Poison Magic   | 5 6 7 8 |  8.3
Air Magic      | 1 2 |  2.0
Conjurations   | 1 2 3 |  3.0
Polearms       | 1 2 3 5 |  5.9
Spellcasting   | 4 5 |  5.3
Necromancy     | 3 4 |  4.1
Dodging        | |  1.7
Stealth        | |  2.4
Transmutations | |  1.1

Action                   |  1- 3 |  4- 6 |  7- 9 || total
-------------------------+-------+-------+-------++-------
Melee: Short sword       |    29 |   109 |       ||   138
       Scythe            |       |     3 |    65 ||    68
       Quarterstaff      |       |       |    30 ||    30
       Halberd           |       |       |    36 ||    36
 Cast: Sting             |    10 |    36 |    25 ||    71
       Poisonous Vapours |    13 |    27 |    14 ||    54
       Ignite Poison     |       |       |     7 ||     7
       Olgreb's Toxic Ra |       |       |     4 ||     4
       Mephitic Cloud    |       |       |     1 ||     1
  Use: Scroll            |       |       |     4 ||     4
       Potion            |       |       |     1 ||     1
 Stab: Sleeping          |       |     2 |     1 ||     3
       Confused          |       |       |     2 ||     2
Armor: Robe              |    10 |    22 |    23 ||    55
Dodge: Dodged            |    24 |    85 |    84 ||   193

Vanquished Creatures
  Sigmund (D:2)
  An orc warrior (D:6)
  2 ice beasts (D:5)
  A phantom (D:6)
  3 ogres
  8 wights
  A howler monkey (D:4)
  A bullfrog zombie (D:5)
  2 orc priests
  3 hounds
  4 orc wizards
  Crazy Yiuf (D:5)
  A bullfrog skeleton (D:4)
  2 jellies
  An iguana (D:4)
  Terence (D:2)
  10 adders
  3 gnolls (D:3)
  2 oozes
  An adder skeleton (D:3)
  An adder zombie (D:3)
  4 worms
  6 dart slugs
  3 leopard geckos
  8 orcs (D:5)
  5 giant cockroaches
  10 goblins
  2 hobgoblins
  A jackal (D:3)
  2 quokkas (D:5)
  13 bats
  3 frilled lizards
  A kobold (D:1)
  2 leopard gecko skeletons
  A quokka zombie (D:5)
  3 rats
114 creatures vanquished.
